Map: 硬线-天梯版

Players

GuMiho - Winner!

  • Race: Terran Terran

TIME (Oliveira)

  • Race: Terran Terran
  • League: Grandmaster

Event: DreamHack SC2 Masters Last Chance 2022

VOD

Have the link to the VOD?

Description

Time

  • Played on: Dec. 17, 2021, 1:10 p.m.
  • Length: 15:22

All games in this series

Show
View Real Time Build Order
Export as new Build Order

GuMiho Terran - Winner!

Build Orders: Gas First Reaper Expand, Banshee Rush 

Get SALT Encoding   

  12  0:00  SCV  
  13  0:12  SCV  
  14  0:17  Supply Depot  
  14  0:24  SCV  
  14  0:27  Refinery  
  15  0:38  SCV  
  16  0:44  Barracks  
  16  0:50  SCV  
  17  1:02  SCV  
  18  1:15  SCV  
  19  1:30  Orbital Command  
  19  1:31  Reaper  
  20  1:40  Command Center  
  20  1:51  Factory  
  20  1:56  SCV  
  21  2:02  Supply Depot  
  21  2:04  Marine  
  23  2:08  SCV  
  23  2:14  Refinery  
  23  2:24  Barracks Tech Lab, SCV  
  24  2:34  Hellion  
  24  2:36  SCV  
  27  2:39  Starport  
  27  2:48  SCV  
  28  2:52  Orbital Command  
  28  2:55  Hellion  
  30  3:00  SCV  
  30  3:02  Barracks Reactor  
  31  3:12  SCV  
  32  3:18  SCV  
  32  3:19  Hellion  
  35  3:22  Supply Depot  
  35  3:27  Banshee  
  35  3:30  SCV  
  35  3:33  Cloaking Field  
  39  3:35  SCV  
  39  3:40  Factory Tech Lab, Marine  
  39  3:41  Marine  
  42  3:47  SCV x2  
  44  3:51  Supply Depot  
  44  3:59  SCV x2  
  44  4:00  Marine x2, Cyclone  
  51  4:10  Banshee  
  51  4:13  SCV x2  
  56  4:20  Supply Depot  
  56  4:25  SCV x2  
  56  4:28  Command Center  
  58  4:36  Siege Tank  
  58  4:37  SCV  
  62  4:41  SCV  
  62  4:45  Barracks Tech Lab  
  63  4:46  Barracks  
  63  4:49  SCV  
  64  4:53  SCV, Engineering Bay, Barracks  
  65  5:04  Stimpack, Refinery, Marine  
  65  5:05  SCV x2  
  65  5:06  Refinery  
  68  5:07  Starport Reactor  
  68  5:21  Marine  
  68  5:23  SCV  
  68  5:26  Supply Depot  
  68  5:28  SCV, Siege Tank  
  74  5:35  SCV  
  75  5:37  Barracks  
  75  5:38  Marine x2  
  75  5:39  Marine  
  75  5:40  SCV, Terran Infantry Weapons Level 1  
  79  5:43  Orbital Command  
  79  5:44  Barracks  
  79  5:51  Supply Depot, Marine  
  79  5:53  SCV x2  
  81  5:58  Combat Shield  
  81  6:03  Marine x2  
  81  6:05  SCV x2  
  81  6:09  SCV  
  84  6:13  Siege Tank, Marine  
  84  6:17  SCV  
  89  6:22  Medivac x2  
  89  6:23  SCV x2  
  95  6:28  Marine x2  
  97  6:44  Barracks Reactor  
  97  6:45  SCV x3  
  96  6:48  Supply Depot x2  
  96  6:49  Barracks Reactor  
  96  6:51  Supply Depot  
  96  6:53  Factory  
  94  6:54  Siege Tank  
  94  6:55  Marine x3  
  94  6:57  SCV x3  
  103  7:03  Barracks Reactor  
  103  7:04  Refinery  
  103  7:05  Refinery  
  102  7:09  SCV x3  
  102  7:13  Marine x2  
  106  7:17  Marine  
  106  7:19  Medivac x2  
  106  7:21  SCV x2  
  106  7:22  SCV  
  114  7:25  Marine x3  
  114  7:26  Marine  
  114  7:31  Marine x2  
  114  7:33  SCV  
  114  7:35  Marine  
  118  7:37  Siege Tank  
  118  7:40  Marine x2  
  118  7:43  Marine x4  
  124  7:49  Marine  
  124  7:51  Marine  
  111  7:53  Marine  
  111  7:58  Marine x2  
  95  8:01  Marine x4  
  96  8:06  Marine  
  96  8:07  Medivac x2  
  96  8:09  Siege Tank, Marine  
  96  8:11  Marine  
  106  8:13  SCV x2  
  106  8:16  Marine x2  
  106  8:19  Marine x4  
  114  8:23  Terran Infantry Armor Level 1  
  114  8:24  Marine  
  114  8:25  SCV  
  114  8:26  Marine  
  117  8:29  Marine  
  117  8:34  Marine x2  
  116  8:36  Marine  
  118  8:44  Marine  
  118  8:50  Marine  
  118  8:56  Medivac, Marine x6  
  118  8:57  Supply Depot x3  
  126  9:08  Marine  
  126  9:11  Marine x2  
  126  9:14  Marine x5  
  126  9:15  Marine  
  117  9:26  Marine  
  117  9:27  Command Center  
  117  9:29  Marine x2  
  120  9:32  Marine  
  120  9:33  Siege Tank  
  124  9:40  SCV x2  
  126  9:52  SCV x2  
  127  9:53  Marine x3  
  127  9:54  Marine x2  
  127  9:57  Marine  
  127  9:59  Marine  
  134  10:03  Marine x2  
  134  10:04  SCV x2  
  134  10:05  Siege Tank  
  141  10:11  Marine x2  
  141  10:12  Marine  
  142  10:15  Marine  
  142  10:17  Marine  
  142  10:20  Marine  
  131  10:28  Marine  
  104  10:29  Marine x3  
  104  10:33  Marine  
  104  10:34  Marine  
  93  10:38  Marine  
  93  10:39  Siege Tank  
  97  10:46  Marine x2  
  97  10:47  Marine x2  
  92  10:52  Marine  
  92  10:54  Medivac  
  92  10:55  Marine  
  85  11:04  Marine x2  
  76  11:05  Marine x2  
  76  11:10  Marine  
  80  11:13  Marine  
  80  11:14  Orbital Command  
  80  11:18  Siege Tank  
  80  11:21  SCV, Marine  
  80  11:22  Marine  
  80  11:23  Marine x2  
  88  11:26  Medivac  
  88  11:28  Marine  
  88  11:31  Marine  
  92  11:33  SCV  
  92  11:39  Marine  
  94  11:40  Marine x2  
  94  11:41  SCV, Marine  
  94  11:45  SCV  
  94  11:46  Marine  
  100  11:49  Marine  
  100  11:50  Siege Tank  
  100  11:53  Supply Depot  
  100  11:54  SCV  
  105  11:57  SCV  
  106  12:06  SCV, Command Center  
  107  12:11  Barracks Reactor x2  
  107  12:14  Barracks Reactor  
  107  12:15  Siege Tank  
  107  12:16  Barracks Reactor  
  108  12:23  Viking  
  108  12:24  Viking  
  108  12:25  Siege Tank  
  115  12:32  Refinery x2  
  115  12:46  Marine x3  
  115  12:47  Marine x2  
  120  12:57  Siege Tank  
  126  13:00  Viking  
  126  13:04  Marine x3  
  126  13:05  Marine x2  
  133  13:07  Marine x4  
  131  13:22  Marine x3  
  131  13:23  Marine  
  131  13:25  Viking  
  131  13:26  Orbital Command  
  133  13:30  Viking  
  131  13:41  Marine x3  
  127  13:44  Marine x2  
  125  14:12  Liberator  
  126  14:19  Liberator, Orbital Command  
  122  14:32  Marine x2  
Show
View Real Time Build Order
Export as new Build Order

TIME Terran 

Build Orders:  

Get SALT Encoding   

  12  0:00  SCV  
  13  0:12  SCV  
  14  0:16  Supply Depot  
  14  0:24  SCV  
  15  0:38  SCV  
  15  0:40  Barracks  
  16  0:43  Refinery  
  16  0:50  SCV  
  17  0:59  Refinery  
  17  1:02  SCV  
  18  1:14  SCV  
  19  1:27  Reaper  
  19  1:28  Orbital Command  
  19  1:30  Supply Depot  
  20  1:44  Factory  
  20  1:53  SCV  
  21  1:59  Reaper  
  22  2:05  SCV  
  23  2:17  SCV  
  23  2:20  Command Center  
  24  2:29  Hellion  
  26  2:31  SCV  
  26  2:32  Barracks Reactor  
  27  2:44  SCV  
  27  2:50  Starport, Supply Depot  
  28  2:52  Factory Tech Lab  
  28  2:56  SCV  
  29  3:08  SCV  
  33  3:19  Marine x2  
  32  3:21  Factory Tech Lab  
  32  3:22  SCV  
  33  3:33  Refinery, Raven, Orbital Command  
  35  3:36  SCV  
  35  3:38  Marine x2  
  38  3:47  Cyclone  
  41  3:49  SCV  
  42  3:56  Marine x2  
  42  4:00  SCV  
  42  4:01  SCV  
  46  4:02  Supply Depot  
  46  4:13  SCV x2  
  48  4:17  Raven  
  50  4:25  SCV  
  50  4:26  SCV  
  50  4:30  Command Center  
  50  4:31  Siege Tank  
  53  4:36  Supply Depot  
  53  4:40  SCV x2  
  53  4:41  Marine x2  
  57  4:52  SCV x2  
  59  4:58  Supply Depot  
  59  5:03  Siege Tank  
  59  5:04  SCV x2  
  64  5:10  Marine  
  64  5:11  Stimpack, Barracks  
  64  5:12  Barracks  
  65  5:16  SCV x2  
  67  5:22  Viking x2  
  67  5:28  Marine  
  72  5:29  SCV, Refinery  
  72  5:30  SCV  
  74  5:38  Engineering Bay  
  74  5:40  Siege Tank  
  74  5:41  Engineering Bay  
  77  5:47  Orbital Command  
  77  5:48  Marine  
  77  5:49  SCV  
  80  5:50  SCV  
  78  6:04  Barracks Reactor, Viking x2  
  78  6:05  Barracks Reactor, SCV x2  
  78  6:07  Orbital Command  
  84  6:12  Terran Infantry Weapons Level 1  
  84  6:14  Marine  
  84  6:17  SCV  
  84  6:18  SCV  
  86  6:23  Siege Tank  
  89  6:30  SCV x2  
  88  6:36  SCV  
  88  6:37  Viking x2  
  86  6:42  SCV x2  
  86  6:45  Marine x4  
  89  6:48  SCV  
  89  6:51  Supply Depot  
  89  6:53  Supply Depot  
  89  6:54  SCV x2  
  91  6:55  Marine  
  93  7:01  Combat Shield  
  93  7:05  Supply Depot  
  93  7:09  Siege Tank  
  93  7:12  Marine x2  
  93  7:13  SCV  
  93  7:14  Marine  
  97  7:15  SCV  
  97  7:19  Viking x2, Marine x2  
  101  7:24  SCV  
  101  7:25  SCV  
  101  7:28  SCV  
  101  7:29  Barracks  
  102  7:30  Marine  
  102  7:31  Marine, Barracks  
  104  7:39  Marine  
  104  7:42  Marine  
  103  7:52  Marine x2  
  103  7:54  Siege Tank  
  104  8:00  Marine  
  104  8:03  Marine  
  104  8:04  Marine  
  92  8:06  SCV x2  
  92  8:10  Marine  
  95  8:15  Marine  
  95  8:16  Marine  
  95  8:18  Marine  
  97  8:21  Medivac x2  
  97  8:22  SCV  
  97  8:23  SCV x2, Marine  
  99  8:28  Siege Tank, Orbital Command  
  99  8:34  SCV  
  99  8:37  Marine  
  99  8:40  Marine  
  102  8:45  Barracks Reactor  
  102  8:47  SCV x2, Marine  
  105  8:54  Marine x2  
  107  8:55  SCV  
  107  8:57  Barracks Reactor  
  107  8:59  SCV x2, Marine  
  111  9:06  Marine  
  111  9:09  Siege Tank  
  114  9:15  Marine x2  
  114  9:16  Marine  
  81  9:18  SCV x2  
  81  9:19  SCV  
  79  9:24  Marine x2  
  79  9:25  Marine x2  
  79  9:30  SCV  
  84  9:32  Liberator  
  84  9:33  Marine x3  
  84  9:37  SCV x2  
  92  9:39  Marine x2  
  92  9:43  Liberator  
  97  9:47  Marine  
  97  9:50  Marine x2  
  100  9:55  Marine x2  
  100  9:56  Supply Depot  
  102  10:03  Siege Tank, Marine x3  
  107  10:09  Marine x2  
  107  10:13  Armory  
  109  10:17  Marine  
  109  10:27  Marine  
  79  10:30  Marine x3  
  79  10:32  Marine x2  
  57  10:52  SCV  
  57  10:58  SCV  
  55  11:05  SCV  
  55  11:07  SCV  
  55  11:11  Medivac  
  57  11:14  Marine  
  58  11:20  SCV  
  58  11:21  SCV  
  58  11:23  Marine  
  58  11:25  SCV  
  62  11:32  Marine x2  
  64  11:33  SCV  
  64  11:39  SCV  
  66  11:40  SCV  
  66  11:41  Marine  
  66  11:45  SCV, Siege Tank  
  72  11:48  Marine  
  72  11:51  Marine  
  74  11:55  SCV  
  74  11:56  Marine x2  
  76  12:03  SCV  
  76  12:05  Marine  
  76  12:07  Marine  
  80  12:09  SCV  
  80  12:10  SCV  
  80  12:13  Marine  
  83  12:16  Marine  
  83  12:19  Marine  
  83  12:22  Siege Tank  
  82  12:23  SCV  
  82  12:25  SCV  
  82  12:28  Marine  
  85  12:32  Marine x2  
  85  12:34  Marine  
  85  12:36  Marine  
  89  12:42  Marine x2  
  91  12:45  Marine  
  91  12:50  Supply Depot  
  92  12:54  Marine x2  
  94  13:04  Siege Tank  
  97  13:06  Marine  
  97  13:11  Marine  
  89  13:23  Marine  
  86  13:34  Marine x2  
  86  13:37  Marine  
  86  13:39  Marine  
  87  13:45  Marine  
  85  13:58  Marine  
  86  14:13  Supply Depot, Marine x2  
  86  14:22  Marine  
  86  14:24  Marine  
  86  14:27  Marine  
  83  14:32  SCV  
  83  14:36  Marine x3  
  87  14:43  Marine  
  88  14:50  Medivac  
  89  14:55  Marine x2  
  89  14:58  Marine  
  92  15:02  SCV  

Tags
 
Add a new tag
Caveats
  • Supply blocks, unpowered buildings, or Contaminate may cause inaccurate times.
  • Supply counts are checked every 10 seconds.